 Dungeon Crawl Stone Soup version 0.18-a0-1299-ge3c6ce7 (webtiles) character file.

43 Oddball22 the Insei (level 3, -5/26 HPs)
             Began as a Demonspawn Transmuter on Feb 11, 2016.
             Slain by a gnoll
             ... wielding a +0 spear
              (9 damage)
             ... on level 2 of the Dungeon.
             The game lasted 00:02:49 (1535 turns).

Oddball22 the Insei (Demonspawn Transmuter)         Turns: 1535, Time: 00:02:49

Health: -5/26      AC:  3    Str: 10    XL:     3   Next: 37%
Magic:  5/6        EV:  7    Int: 14    God:
Gold:   64         SH:  2    Dex: 14    Spells: 1 memorised, 5 levels left

rFire  . . .     SeeInvis .       - Unarmed
rCold  . . .     Gourm    .     b - +0 robe
rNeg   . . .     Faith    .     (no shield)
rPois  .         Spirit   .     (no helmet)
rElec  .         Dismiss  .     o - +0 cloak
rCorr  +         Reflect  +     (no gloves)
SustAt .         Harm     .     (no boots)
MR     .....                    g - +2 amulet of reflection
Stlth  +.........               (no ring)
                                i - ring of resist corrosion

@: appendage (expiring), not resistant to hostile enchantments, very unstealthy
A: horns 2, demonic guardian 1
a: End Transformation


You were on level 2 of the Dungeon.
You were not hungry.
You had grown temporary horns.
You visited 1 branch of the dungeon, and saw 2 of its levels.

You collected 64 gold pieces.

Inventory:

Missiles
 a - 12 arrows
Armour
 b - a +0 robe (worn)
 o - a +0 cloak (worn)
Jewellery
 g - a +2 amulet of reflection (around neck)
 i - a ring of resist corrosion (left hand)
Scrolls
 e - a scroll of remove curse {unknown}
 h - 2 scrolls of identify {unknown}
 j - a scroll of enchant armour {unknown}
 n - a scroll of fog {unknown}
Potions
 f - a potion of degeneration {unknown}
 k - a potion of heal wounds {unknown}
 l - a potion of agility {unknown}
 m - a potion of haste {unknown}
Books
 c - a book of Changes

   Spells                             Type                      Level
   a - Beastly Appendage              Transmutation                1
   b - Sticks to Snakes               Transmutation                2
   c - Spider Form                    Transmutation/Poison         3
   d - Ice Form                       Ice/Transmutation            4
   e - Blade Hands                    Transmutation                5
Comestibles
 d - a bread ration
 p - a royal jelly


   Skills:
 + Level 1.1 Fighting
 + Level 2.1 Dodging
 + Level 0.2 Stealth
 * Level 3.8 Unarmed Combat
 - Level 2.0 Spellcasting
 - Level 1.7 Transmutations


You had 5 spell levels left.
You knew the following spells:

 Your Spells              Type           Power        Failure   Level  Hunger
a - Beastly Appendage     Trmt           #.....       14%         1    ##.....


Dungeon Overview and Level Annotations

Branches:
Dungeon (2/15)

Altars:
Gozag
Zin


Innate Abilities, Weirdness & Mutations

A weak demonic guardian rushes to your aid.
You have a pair of horns on your head.


Message History

The gnoll barely misses your ufetubus.
Your ufetubus hits the gnoll.
The gnoll dies!
Your ufetubus disappears in a puff of smoke!
Casting: Beastly Appendage
Confirm with . or Enter, or press ? or * to list all spells.
You extend your transformation's duration.
You hit the gnoll but do no damage. Your headbutt misses the gnoll.
The gnoll hits you from afar with a spear!
The gnoll barely misses you.
You hit the gnoll. Your headbutt misses the gnoll.
The gnoll is moderately wounded.
The gnoll hits you from afar with a spear!
* * * LOW HITPOINT WARNING * * *
You block the gnoll's attack.
Your transformation is almost over.
You block the gnoll's attack.
There is a stone staircase leading down here.
You can't go up here!
The gnoll hits you from afar with a spear!
You die...

#.####.# #.##########
#.# #.###.# #.#
#..<#.# #.# ######.#
#.###..)...##########
#.##..............g..
#.##g.###############
#.##g.########
#.##@........#
#.##.(######.##
#.##..# #).#
#.##..#######.#######
#.##.................
#.##.###.............
#.##.#..............#
######
#.##.#.#.#........#.#
#..... #.##.#
#<....(..#.#.#


You could see 2 gnolls.

Vanquished Creatures
  A gnoll (D:2)
  A giant gecko (D:1)
  A giant cockroach (D:1)
  A goblin (D:2)
  3 hobgoblins
  5 jackals (D:2)
  4 bats
  2 giant newts (D:2)
  4 kobolds (D:1)
  5 rats (D:1)
27 creatures vanquished.

Vanquished Creatures (collateral kills)
  A gnoll (D:2)
  A jackal (D:2)
  A giant newt (D:2)
  A rat (D:2)
4 creatures vanquished.

Grand Total: 31 creatures vanquished

Notes
Turn   | Place    | Note
--------------------------------------------------------------
     0 | D:1      | Oddball22 the Demonspawn Transmuter began the quest for the Orb.
     0 | D:1      | Reached XP level 1. HP: 15/15 MP: 3/3
   110 | D:1      | Reached skill level 3 in Unarmed Combat
   190 | D:1      | Gained mutation: A weak demonic guardian rushes to your aid. [demonic ancestry]
   190 | D:1      | Reached XP level 2. HP: 21/21 MP: 3/5
  1369 | D:2      | Found an opulent altar of Gozag.
  1369 | D:2      | Found a glowing silver altar of Zin.
  1495 | D:2      | Reached XP level 3. HP: 18/26 MP: 4/6
  1535 | D:2      | Slain by a gnoll

Vault maps used:
D:1:      minmay_arrival_diagonal_passages
D:2:      grunt_temple_overflow_gold_and_silver,
          minmay_overflow_temple_star_quad

Action                   || total
-------------------------++-------
Melee: Unarmed           ||    93
 Cast: Beastly Appendage ||    12
  Eat: Chunk             ||     2
